 Dungeon Crawl Stone Soup version 0.29.1-14-g9c671dbff4 (webtiles) character file.

Game seed: 19241176311611836

19401168 DrBigBum the Archmage (level 27, 228/228 HPs)
             Began as a Djinni Fire Elementalist on Feb 19, 2023.
             Was the Champion of Makhleb.
             Escaped with the Orb
             ... and 15 runes!
             The game lasted 06:27:32 (79129 turns).

DrBigBum the Archmage (Djinni Fire Elementalist)   Turns: 79129, Time: 06:27:33

Health: 228/228    AC: 31    Str:  9    XL:     27
Gold:   15885      EV: 25    Int: 42    God:    Makhleb [******] SH: 32 Dex: 13

rFire   + + +      SeeInvis .   B - +9 quick blade of Doubt {venom, rF+ Str+4 Int+7}
rCold   + . .      Faith    .   z - +8 tower shield {AC+3}
rNeg    + + .      Spirit   .   h - +4 troll leather armour "Acsowore" {+Blink rElec Regen+ Str+3 Stlth-}
rPois   ∞          Reflect  .   W - +2 helmet of Reason {rC+ rCorr}
rElec   +          Harm     .   w - +1 cloak of the Thinker {rElec Will+ Int-2}
rCorr   +          Rampage  +   Z - +2 pair of gloves of the Onion {Rampage Regen+ Str-5 Dex+2}
Will    ++++.                   (boots unavailable)
Stlth   +.........              j - amulet of regeneration
HPRegen 2.88/turn               H - ring "Nosimobu" {rN++ Will+ Str-4 Int+7}
MPRegen 0.00/turn               F - ring "Talilau" {rC+ AC+4 Int+2}

@: flying, studying 7 skills
A: sickness immunity, fire resistance 2, cold vulnerability 1, float, innate
caster, HP casting, extra vitality 1, clumsy 1, mutation resistance 1, wild
magic 1, sturdy frame 1
0: Orb of Zot
}: 15/15 runes: serpentine, barnacled, slimy, silver, golden, iron, obsidian,
icy, bone, abyssal, demonic, glowing, magical, fiery, dark
a: Renounce Religion, Evoke Blink, Minor Destruction, Lesser Servant of Makhleb,
Major Destruction, Greater Servant of Makhleb


You escaped.
You worshipped Makhleb.
Makhleb was exalted by your worship.
You visited 17 branches of the dungeon, and saw 86 of its levels.
You visited Pandemonium 2 times, and saw 26 of its levels.
You visited the Abyss 5 times.
You also visited: Trove, Sewer, Ossuary, Ice Cave and Wizlab.

You collected 18524 gold pieces.
You spent 2639 gold pieces at shops.

Inventory:

Hand Weapons
 B - the +9 quick blade of Doubt (weapon) {venom, rF+ Str+4 Int+7}
   (You found it on level 3 of the Elven Halls)

   It poisons the flesh of those it strikes.
   Str:       It affects your strength (+4).
   Int:       It affects your intelligence (+7).
   rF:        It protects you from fire.
 S - a +9 sacred scourge of holy wrath
 U - the +6 sword of Cerebov {flame}
   (You took it off Cerebov in Pandemonium)

   It burns those it strikes, dealing additional fire damage.
   Big, fiery blades are also staple armaments of hydra-hunters.
   It temporarily reduces the fire resistance of those it strikes.
Armour
 h - the +4 troll leather armour "Acsowore" (worn) {+Blink rElec Regen+ Str+3 Stlth-}
   (You found it on level 3 of the Elven Halls)

   Str:       It affects your strength (+3).
   rElec:     It insulates you from electricity.
   +Blink:    It lets you blink.
   Regen:     It increases your rate of health regeneration.
   Stlth:     It makes you less stealthy.
 w - the +1 cloak of the Thinker (worn) {rElec Will+ Int-2}
   (You acquired it on level 4 of the Dungeon)

   Int:       It affects your intelligence (-2).
   rElec:     It insulates you from electricity.
   Will:      It increases your willpower.
 z - a +8 tower shield of protection (worn)
 D - the +6 tower shield "Haveer" {Fly Str-5 Dex+4 SInv}
   (You found it on level 2 of the Crypt)

   Str:       It affects your strength (-5).
   Dex:       It affects your dexterity (+4).
   SInv:      It lets you see invisible.
   Fly:       It grants you flight.
 G - a +2 kite shield of cold resistance
 W - the +2 helmet of Reason (worn) {rC+ rCorr}
   (You acquired it on level 15 of the Dungeon)

   rC:        It protects you from cold.
   rCorr:     It protects you from acid and corrosion.
 Z - the +2 pair of gloves of the Onion (worn) {Rampage Regen+ Str-5 Dex+2}
   (You found it on level 2 of the Snake Pit)

   Str:       It affects your strength (-5).
   Dex:       It affects your dexterity (+2).
   Regen:     It increases your rate of health regeneration.
   Rampage:   It bestows one free step when moving towards enemies.
Magical Staves
 n - a staff of fire
Jewellery
 d - the macabre finger necklace {rN+}
   (You found it on level 7 of Tartarus)

   [amulet of nothing]

   It enables you to equip an extra ring.
   rN:        It protects you from negative energy.
 f - a ring of fire
 j - an amulet of regeneration (around neck)
 m - a ring of fire
 o - the ring of Niwk {rElec AC+4}
   (You took it off a deep elf death mage on level 3 of the Elven Halls)

   [ring of protection]

   AC:        It affects your AC (+4).
   rElec:     It insulates you from electricity.
 v - the ring of Fuan Huodi {rN+ rCorr Str+4}
   (You took it off a deep elf archer on level 3 of the Elven Halls)

   [ring of positive energy]

   Str:       It affects your strength (+4).
   rN:        It protects you from negative energy.
   rCorr:     It protects you from acid and corrosion.
 x - the ring "Saunud" {rPois rC+ SInv}
   (You bought it in a shop on level 2 of the Orcish Mines)

   [ring of poison resistance]

   rC:        It protects you from cold.
   rPois:     It protects you from poison.
   SInv:      It lets you see invisible.
 F - the ring "Talilau" (right hand) {rC+ AC+4 Int+2}
   (You found it on level 2 of the Shoals)

   [ring of protection]

   AC:        It affects your AC (+4).
   Int:       It affects your intelligence (+2).
   rC:        It protects you from cold.
 H - the ring "Nosimobu" (left hand) {rN++ Will+ Str-4 Int+7}
   (You took it off a merfolk impaler on level 3 of the Shoals)

   [ring of willpower]

   Str:       It affects your strength (-4).
   Int:       It affects your intelligence (+7).
   rN:        It greatly protects you from negative energy.
   Will:      It increases your willpower.
 I - the ring of Buastros {Str+4 Int+6 Dex-2}
   (You took it off a merfolk on level 3 of the Shoals)

   [ring of intelligence]

   Str:       It affects your strength (+4).
   Int:       It affects your intelligence (+6).
   Dex:       It affects your dexterity (-2).
 K - the amulet of Wu Jian's Approval {Spirit rF- Dex+7}
   (You found it on level 2 of the Crypt)

   [amulet of guardian spirit]

   It causes incoming damage to be divided between your reserves of health and
   magic.
   Dex:       It affects your dexterity (+7).
   rF:        It makes you vulnerable to fire.
 M - a +4 ring of evasion
 N - the ring of Hueninte {rElec rCorr Stlth+}
   (You found it on level 5 of the Pits of Slime)

   [ring of resist corrosion]

   rElec:     It insulates you from electricity.
   rCorr:     It protects you from acid and corrosion.
   Stlth:     It makes you more stealthy.
 R - a +6 ring of strength
Wands
 a - a wand of digging (19)
 s - a wand of mindburst (5)
Scrolls
 b - 27 scrolls of teleportation
 c - 17 scrolls of fear
 t - 10 scrolls of brand weapon
 y - 9 scrolls of silence
 E - 14 scrolls of enchant weapon
 J - 6 scrolls of fog
 L - 6 scrolls of blinking
 T - 12 scrolls of poison
 V - a scroll of enchant armour
 X - 8 scrolls of magic mapping
Potions
 e - 2 potions of cancellation
 g - 19 potions of flight
 i - 14 potions of might
 k - 16 potions of mutation
 l - 16 potions of brilliance
 p - 13 potions of resistance
 q - 3 potions of invisibility
 r - 42 potions of curing
 u - 14 potions of haste
 A - 5 potions of heal wounds
 Q - 7 potions of ambrosia
Miscellaneous
 C - a figurine of a ziggurat
 O - the horn of Geryon
 P - a box of beasts


   Skills:
 O Level 27 Fighting
 - Level 8.0 Short Blades
 - Level 18.6 Maces & Flails
 O Level 27 Armour
 O Level 27 Dodging
 - Level 1.5 Stealth
 O Level 27 Shields
 O Level 27 Spellcasting
 + Level 24.6 Invocations
 - Level 8.0 Evocations


You couldn't memorise any spells.
You knew the following spells:

 Your Spells              Type           Power      Damage    Failure   Level
a - Foxfire               Conj/Fire      100%       2x1d9     1%          1
b - Scorch                Fire           100%       2d10      1%          2
c - Conjure Flame         Conj/Fire      100%       6-21      1%          3
d - Inner Flame           Hex/Fire       100%       N/A       1%          3
e - Flame Wave            Conj/Fire      100%       2d21      1%          4
f - Summon Small Mammal   Summ           100%       N/A       1%          1
g - Poisonous Vapours     Pois/Air       100%       N/A       1%          2
h - Swiftness             Air            100%       N/A       1%          3
i - Call Canine Familiar  Summ           100%       N/A       1%          3
j - Animate Dead          Necr           100%       N/A       1%          4
k - Lightning Bolt        Conj/Air       76%        1d102     1%          5
l - Starburst             Conj/Fire      76%        6d20      1%          6
m - Summon Hydra          Summ           76%        N/A       1%          7
n - Summon Cactus Giant   Summ           76%        N/A       1%          6
o - Maxwell's Capacitive  Air            76%        ∞         1%          8
p - Ignition              Fire           76%        3d20      1%          8
q - Fire Storm            Conj/Fire      76%        8d19      1%          9
r - Chain Lightning       Conj/Air       76%        3d102     1%          9
Your spell library was empty.

Dungeon Overview and Level Annotations

Branches:
Dungeon (15/15)            Temple (0/1) D:7            Lair (5/5) D:11
 Shoals (4/4) Lair:2        Snake (4/4) Lair:2        Slime (5/5) Lair:4
    Orc (2/2) D:12            Elf (3/3) Orc:2        Vaults (5/5) D:13
  Crypt (3/3) Vaults:3       Tomb (3/3) Crypt:3      Depths (4/4) D:15
   Hell (visited)             Dis (7/7) Hell            Geh (7/7) Hell
    Coc (7/7) Hell            Tar (7/7) Hell            Zot (5/5) Depths:4
  Sewer (visited)         Ossuary (visited)           IceCv (visited)
 WizLab (visited)

Altars:
Dithmenos
Elyvilon
Fedhas
Gozag
Hepliaklqana
Makhleb
Okawaru
Qazlal
Ru
Trog
Uskayaw
Wu Jian
Yredelemnul
The Shining One
Jiyva
Lugonu

Shops:
D:9 (   D:11 =   D:13 :   D:14 *   Orc:1 [   Orc:2 :[[:*   Elf:3 [*([
Shoals:2 *   Snake:3 *   Snake:4 [(?(   Vaults:2 :   Vaults:5 !?   Depths:1 [?
Depths:2 !

Portals:
Hell: Depths:1 Depths:2 Depths:3 Depths:4
Abyss: Depths:1 Depths:3 Depths:4
Pandemonium: Depths:2 Depths:4
Ziggurat: Depths:4

Annotations:
Depths:4 7 runed translucent doors


Innate Abilities, Weirdness & Mutations

You are immune to sickness and miasma.
You are immune to poison.
Your flesh is very heat resistant. (rF++)
You are vulnerable to cold. (rC-)
You float through the air rather than walking.
You learn spells naturally, not from books.
Your magical power is your life essence.
You have superior vitality. (+4 MHP)
You are clumsy. (Dex -2)
You are somewhat resistant to further mutation.
Your spells are a little harder to cast, but a little more powerful.
Your movements are slightly less encumbered by armour. (ER -2)


Message History

Your fire vortex dissipates!
Casting: Fire Storm (mildly dangerous; 1% risk of failure)
Confirm with . or Enter, or press ? or * to list all spells.
Aiming: Fire Storm (mildly dangerous; 1% risk of failure)
Press: ? - help, Dir - move target, f - fire vortex
Aim: a fire vortex (flame, friendly)
A raging storm of fire appears!
The great blast of fire engulfs Notuuh!!!
Notuuh is severely wounded.
Notuuh is engulfed in blazing flames.
Notuuh hits your fire vortex!
Casting: Fire Storm (mildly dangerous; 1% risk of failure)
Confirm with . or Enter, or press ? or * to list all spells.
Aiming: Fire Storm (mildly dangerous; 1% risk of failure)
Press: ? - help, Dir - move target, f - fire vortex, p - fire vortex
Aim: a fire vortex (flame, friendly)
A raging storm of fire appears!
The great blast of fire engulfs Notuuh!!!!
You kill Notuuh!
Makhleb accepts your kill.
You feel better.
You fly upwards.
Your summoned ally is left behind.
There is a stone staircase leading down here.
Okay, then.
You see here the +0 scale mail "Xinnuiqiyg" {+Inv Int+3}.
You see here a +0 war axe of venom.
There is a stone staircase leading up here.
You fly upwards.
There is a stone staircase leading down here.
There is an open door here.
Things that are here:
3 stones; a +0 short sword A Brimstone Fiend comes into view.
There is a stone staircase leading up here.
You fly upwards.
There is a stone staircase leading down here.
There is a stone staircase leading up here.
You fly upwards.
There is a stone staircase leading down here.
There is a staircase leading out of the dungeon here.
You have escaped!

#.# #. ##########.######.
########..........#...##.
#P.............P#.#.#.##.
#~P...........P~#.#.#.##.
#≈≈P.........P~~#.#.#.###
#≈~~P.......P~~≈#.#.#)# ######
#~≈~~P.....P~≈≈≈#.#.#.# .....#
#≈≈≈~~P.@.P~~≈≈≈#.#.#.### ####.#
#≈≈≈≈P.....P≈~≈≈#........ # #.#
#≈~~P.......P~≈≈#.###.### # #.#
#~~P.........P~~#...#.### ## #.#
#~P...........P~#>#.#....
.###.####P.............P#.#.#####
..##.##...................#.#####
#.......#################.#......
.....#### #.....#######


There were no monsters in sight!

Vanquished Creatures
  Cerebov (Pan)
  Antaeus (Coc:7)
  the Royal Jelly (Slime:5)
  Asmodeus (Geh:7)
  Gloorx Vloq (Pan)
  Ereshkigal (Tar:7)
  Mnoleg (Pan)
  Lom Lobon (Pan)
  9 dread liches
  the Serpent of Hell (Geh:7)
  12 pandemonium lords
  10 ancient liches
  Mennas (Crypt:3)
  2 orbs of fire (Zot:5)
  3 juggernauts (Dis:7)
  32 royal mummies
  The ghost of Teduw the Impregnable, a veteran MiGl of Hepliaklqana (Crypt:2)
  7 Killer Klowns
  Vashnia (Snake:3)
  28 shard shrikes
  Saint Roka (Depths:2)
  Geryon (Hell)
  37 caustic shrikes
  A curse toe (Zot:2)
  Jory (Vaults:2)
  11 golden dragons
  Nikola (Snake:2)
  25 profane servitors
  19 bone dragons
  3 shard shrike zombies
  7 doom hounds
  6 iron giants
  20 Tzitzimimeh
  2 electric golems (Zot:5)
  21 Brimstone Fiends
  12 hellephants
  3 spectral shard shrikes
  18 Ice Fiends
  Jorgrun (D:14)
  11 Hell Sentinels
  10 liches
  27 Orb Guardians
  15 searing wretches
  Asterion (Elf:3)
  11 acid blobs
  26 tainted leviathans
  5 quicksilver dragons
  13 titans
  A walking divine tome (Depths:4)
  5 tentacled starspawn
  3 deep elf blademasters (Elf:3)
  14 tentacled monstrosities
  21 ancient champions
  3 krakens
  2 deep elf master archers (Elf:3)
  29 Executioners
  12 sphinxes
  8 death cobs
  5 tengu reavers
  5 draconian monks
  6 revenants
  11 shadow dragons
  3 rockslimes
  7 demonspawn warmongers (Pan)
  The ghost of Yamstis the Nimble, an adept GnMo of Makhleb (D:15)
  17 storm dragons
  A nagaraja (Snake:3)
  13 azure jellies
  13 fire giants
  3 quicksilver elementals
  19 narguns
  13 deep elf sorcerers
  12 frost giants
  4 orc warlords
  10 draconian knights
  47 balrugs
  3 ghost moths
  7 draconian scorchers
  3 spectral caustic shrikes (Tar:1)
  8 iron dragons
  4 curse skulls
  A juggernaut zombie (Crypt:1)
  11 vault wardens
  A deep elf elementalist (Elf:3)
  3 draconian stormcallers
  4 draconian shifters
  7 ghouls
  Aizul (Snake:3)
  10 quicksilver oozes
  2 caustic shrike skeletons
  9 shard shrike simulacra
  3 juggernaut skeletons
  22 ironbound preservers
  An angel (Abyss:4)
  A caustic shrike zombie (Crypt:2)
  10 stone giants
  27 reapers
  4 demonspawn blood saints (Pan)
  23 very ugly things
  4 spriggan defenders
  2 Killer Klown zombies (Zot:5)
  8 draconian annihilators
  12 demonspawn corrupters
  19 cacodemons
  5 ironbound thunderhulks
  9 vampire knights
  A spectral titan (Crypt:2)
  3 deep elf demonologists (Elf:3)
  36 war gargoyles
  58 slime creatures
  18 black draconians
  12 green draconians
  12 bennus
  11 wendigos
  16 elemental wellsprings
  11 deep elf annihilators
  20 putrid mouths
  10 demonspawn black suns
  15 lorocyprocas (Pan)
  Azrael (Elf:1)
  7 dire elephants (Vaults:3)
  15 yellow draconians
  2 entropy weavers (Vaults:1)
  15 purple draconians
  A halazid warlock (Hell)
  3 minotaurs (Shoals:4)
  6 white draconians
  18 red draconians
  An acid blob zombie (Slime:5)
  25 blizzard demons
  16 eidola
  6 spark wasps
  A spectral quicksilver dragon (Tar:2)
  19 green deaths
  12 deep elf death magi
  25 mummy priests
  8 ettins
  A merfolk javelineer (Shoals:3)
  A very ugly thing zombie (Depths:4)
  12 deep elf high priests
  2 spectral golden dragons
  A spectral kraken (Tar:7)
  7 spectral spriggans
  A spectral iron giant (Tar:7)
  14 great orbs of eyes
  9 iron golems
  A spectral fenstrider witch (Tar:1)
  16 yaktaur captains
  16 jiangshi
  A kraken zombie (Hell)
  A fenstrider witch zombie (Crypt:2)
  11 merfolk impalers
  3 rakshasas
  19 salamander tyrants
  6 ice dragons
  11 caustic shrike simulacra
  3 peacekeepers
  36 vault guards
  5 hydras
  7 centaur warriors
  3 merfolk avatars
  An alligator snapping turtle (Shoals:4)
  2 spriggan air magi
  12 hell beasts
  9 juggernaut simulacra
  4 ogre magi
  10 ironbound frosthearts
  15 naga warriors
  6 bennu zombies
  3 boulder beetles
  A fenstrider witch skeleton (Crypt:1)
  10 anacondas
  3 dancing weapons
  9 two-headed ogres
  29 hell hogs
  A spectral human (Tar:1)
  A spectral stone giant (Tar:3)
  9 satyrs (Shoals:4)
  2 death yaks (Lair:5)
  4 stokers
  An Orb Guardian skeleton (Crypt:3)
  3 tengu warriors (D:15)
  3 death knights
  5 deep troll earth magi
  17 vampire magi
  35 death scarabs
  7 deep troll shamans
  14 thrashing horrors
  12 shock serpents
  18 naga sharpshooters
  77 sun demons
  7 spriggan berserkers
  A storm dragon zombie (Zot:2)
  A titan zombie (Crypt:2)
  An emperor scorpion zombie (Tomb:1)
  11 hell knights
  4 spectral dire elephants
  16 deep elf knights
  34 soul eaters
  A spectral bunyip (Tar:1)
  12 crystal echidnas
  18 shadow wraiths
  21 skeletal warriors
  5 salamander mystics
  27 sixfirhies
  A death drake (shapeshifter) (Abyss:4)
  A spatial maelstrom (Abyss:4)
  2 titan skeletons
  83 deep trolls
  5 sea snakes
  14 wretched stars
  7 iron trolls
  3 anaconda zombies
  3 spriggan druids (Depths:3)
  3 spriggan riders (Depths:3)
  A swamp dragon (Abyss:4)
  13 shadow demons
  A cherub (Zot:1)
  10 glowing orange brains
  5 spectral anacondas
  3 quicksilver dragon simulacra
  A golden dragon zombie (Zot:2)
  11 bog bodies (Crypt:3)
  A spectral iron dragon (Tar:3)
  A bunyip skeleton (Hell)
  6 wizards
  12 flayed ghosts
  An orange crystal statue (Shoals:3)
  7 anaconda skeletons
  2 spriggan simulacra (Coc:2)
  11 naga ritualists
  13 phantasmal warriors
  A swamp dragon (shapeshifter) (D:15)
  15 deep elf archers
  A shadow dragon zombie (Crypt:2)
  19 ironbound convokers
  26 starcursed masses
  7 shining eyes
  2 ugly thing zombies
  32 harpies
  8 lindwurms
  An obsidian statue (Depths:1)
  25 deep elf zephyrmancers
  A fire giant zombie (Geh:1)
  2 fenstrider witch simulacra
  17 mana vipers
  17 necromancers
  7 orc knights (Vaults:2)
  19 deep elf pyromancers
  27 salamanders
  A spectral ettin (Tar:2)
  3 frost giant zombies
  A will-o-the-wisp (Abyss:4)
  6 hell hog zombies (Hell)
  15 manticores
  3 orc sorcerers
  29 ugly things
  22 moths of wrath
  A shadow dragon skeleton (Hell)
  A death scarab zombie (Tomb:3)
  A stone giant zombie (Abyss:2)
  3 fauns (Shoals:4)
  5 worldbinders
  5 cyclopes
  3 stone giant skeletons
  A spectral centaur (Tar:1)
  A fire giant skeleton (Crypt:3)
  13 guardian serpents
  A spectral alligator snapping turtle (Tar:1)
  4 elephants (Lair:2)
  42 black mambas
  An elephant (shapeshifter) (Vaults:5)
  17 vault sentinels
  3 merfolk sirens (Shoals:3)
  6 titan simulacra
  6 apocalypse crabs
  20 naga magi
  3 water nymphs
  10 ice statues
  4 centaur zombies (D:11)
  A demonspawn zombie (Pan)
  33 smoke demons
  A gargoyle (D:13)
  5 rust devils
  An eye of devastation (shapeshifter) (Vaults:5)
  A frost giant skeleton (Crypt:2)
  A dwarf zombie (D:14)
  8 molten gargoyles (Geh:7)
  3 cane toads
  25 orange demons
  2 centaur skeletons
  5 unseen horrors
  2 alligator snapping turtle zombies
  25 yaktaurs
  24 hellions
  A dire elephant skeleton (Tomb:1)
  A rime drake (Lair:4)
  4 demonic crawlers (Pan)
  A kobold demonologist (D:10)
  11 spectral swamp worms (Tar:7)
  7 anaconda simulacra
  5 efreet
  2 human zombies
  A bunyip simulacrum (Coc:1)
  13 tormentors
  3 redback zombies (D:14)
  14 hellwings
  5 spectral nagas
  16 freezing wraiths
  A yaktaur (shapeshifter) (Elf:1)
  2 golden dragon simulacra (Coc:7)
  5 komodo dragons
  A sea snake zombie (Hell)
  17 ice devils
  6 spriggan skeletons
  A merfolk (shapeshifter) (Vaults:5)
  An iron troll zombie (Hell)
  7 spectral harpies
  5 ancient zymes
  A sea snake skeleton (Hell)
  An iron giant simulacrum (Coc:4)
  19 merfolk
  75 guardian mummies
  5 red devils
  4 trolls
  2 hydra zombies
  10 meliai
  2 wind drakes
  5 polar bears (Lair:5)
  14 hornets
  17 raiju
  A harpy zombie (Tomb:2)
  A queen bee (Abyss:4)
  A death drake skeleton (Crypt:1)
  4 harpy skeletons
  A deep troll zombie (Depths:1)
  2 alligator zombies (Hell)
  9 dream sheep
  2 culicivora zombies (Crypt:2)
  2 shadow dragon simulacra
  2 merfolk zombies (Shoals:3)
  16 blink frogs
  A dream sheep (shapeshifter) (Vaults:5)
  A moth of wrath zombie (Zot:5)
  A frost giant simulacrum (Depths:1)
  7 snapping turtles
  An iron dragon simulacrum (Coc:1)
  18 small abominations
  A stone giant simulacrum (Coc:4)
  A centaur simulacrum (Crypt:2)
  3 shadows
  2 fire dragon skeletons
  8 wyverns
  17 flying skulls
  A black mamba zombie (Snake:1)
  2 vampires (D:11)
  39 ynoxinuls
  26 spriggans
  3 air elementals
  A hog (shapeshifter) (Elf:3)
  8 dire elephant simulacra
  A merfolk skeleton (Pan)
  4 water elementals
  44 yaks
  8 humans (D:13)
  23 ushabtiu
  A wind drake zombie (Crypt:3)
  13 wraiths
  6 golden eyes
  A slime creature zombie (D:13)
  A wyvern (shapeshifter) (Depths:2)
  2 fire elementals (Elf:1)
  8 redbacks
  60 large abominations
  A steam dragon (D:9)
  30 neqoxecs
  23 chaos spawn
  4 vampire mosquitoes
  Menkaure (D:6)
  A swamp worm (shapeshifter) (Vaults:5)
  An elf skeleton (Vaults:1)
  A tengu zombie (D:15)
  2 wargs (Depths:2)
  2 death yak simulacra (IceCv)
  A glowing shapeshifter zombie (Vaults:1)
  11 spatial vortices
  6 water moccasins
  11 harpy simulacra
  4 two-headed ogre zombies
  4 hydra simulacra
  41 nagas
  A floating eye (shapeshifter) (Vaults:5)
  A floating eye (Depths:2)
  21 hell hounds
  3 naga skeletons
  A two-headed ogre skeleton (Crypt:3)
  2 ice beasts
  3 sky beasts
  2 hornet zombies (Lair:5)
  Pargi (Sewer)
  21 orc warriors
  3 ettin simulacra
  A swamp dragon zombie (Crypt:1)
  16 wolves
  20 ogres
  5 centaurs
  9 boggarts
  A torpor snail zombie (Crypt:3)
  A phantom (D:5)
  A vampire mosquito zombie (D:13)
  A komodo dragon zombie (Crypt:2)
  Blork the orc (D:4)
  A kobold brigand (D:11)
  7 elf zombies
  13 bullfrogs
  5 hell hound zombies (Hell)
  3 necrophages
  A naga simulacrum (Coc:4)
  3 scorpions
  A cyclops zombie (Shoals:3)
  A water moccasin zombie (Lair:5)
  7 wights
  A polar bear zombie (Lair:5)
  13 killer bees
  2 raiju zombies (D:10)
  A yak zombie (Lair:3)
  3 spriggan zombies
  2 troll zombies (Orc:2)
  2 human simulacra (Vaults:1)
  4 wolf zombies
  2 howler monkeys
  An electric eel (Lair:1)
  A crimson imp (Abyss:4)
  3 quasits
  10 orc priests
  A black bear zombie (Lair:5)
  5 hounds
  2 jellies
  2 iron imps
  A gnoll bouda (D:4)
  6 iguanas
  Ijyb (D:3)
  Terence (D:2)
  Natasha (thrice) (D:2)
  13 orc wizards
  A boggart zombie (Lair:5)
  6 hell rats
  A polar bear simulacrum (IceCv)
  5 ogre zombies (Orc:2)
  An acid dragon skeleton (Crypt:2)
  51 mummies
  A howler monkey zombie (D:11)
  3 hell rat zombies (Hell)
  3 gnolls (D:2)
  10 adders
  A steam dragon skeleton (Crypt:1)
  A shadow imp (D:5)
  A white imp (D:8)
  5 ufetubi
  An adder skeleton (Crypt:2)
  2 worms
  4 dart slugs
  73 orcs
  9 bats
  A bat skeleton (Crypt:3)
  A bat zombie (D:9)
  6 endoplasms
  2 endoplasms (shapeshifter) (D:15)
  A giant cockroach (D:1)
  7 goblins
  7 hobgoblins
  20 kobolds
  4 quokkas
  10 ball pythons
  2 frilled lizards
  A gnoll zombie (D:4)
  A goblin (shapeshifter) (Vaults:5)
  A hobgoblin skeleton (Crypt:3)
  A hobgoblin zombie (Ossuary)
  4 kobold zombies (Ossuary)
  6 orc zombies
  9 rats
  A rat zombie (D:9)
  6 ball lightnings (Pan)
  5 bushes (Depths:3)
  8 creeping infernos
  16 fire vortices
  A foxfire (D:13)
  2 lurking horrors (Abyss:4)
  2 plants (Shoals:1)
  4 starspawn tentacles
  7 tentacles
4160 creatures vanquished.

Vanquished Creatures (collateral kills)
  Dispater (Dis:7)
  An ancient lich (Dis:3)
  A royal mummy (Tomb:1)
  A Killer Klown (Zot:5)
  3 golden dragons
  A profane servitor (Abyss:2)
  2 bone dragons
  A tentacled monstrosity (D:15)
  A doom hound (Tar:5)
  A titan (Coc:6)
  3 Ice Fiends (Coc:7)
  A lich (Abyss:4)
  An ancient champion (Crypt:1)
  A deep elf blademaster (Elf:2)
  4 acid blobs
  An Executioner (Pan)
  Frances (Snake:1)
  A shadow dragon (Depths:4)
  Donald (Snake:1)
  8 rockslimes (Slime:5)
  2 fire giants
  A cacodemon (Abyss:2)
  2 demonspawn warmongers (Pan)
  2 frost giants (Vaults:5)
  2 iron dragons
  A vault warden (Vaults:3)
  2 very ugly things
  2 ironbound preservers
  Nessos (Lair:5)
  4 stone giants
  A war gargoyle (Vaults:4)
  A green draconian (Depths:4)
  A red draconian (Depths:4)
  A lorocyproca (Hell)
  A black draconian (Depths:4)
  A purple draconian (Depths:4)
  A yellow draconian (Depths:4)
  Snorg (D:12)
  An iron golem (Dis:1)
  Josephine (D:10)
  An ettin (Depths:4)
  2 fire dragons
  2 blizzard demons (Pan)
  A merfolk impaler (Shoals:3)
  2 great orbs of eyes
  A crystal guardian (Vaults:3)
  4 vault guards
  A hydra (D:11)
  A yaktaur captain (Vaults:3)
  A boulder beetle (Lair:5)
  A death knight (Vaults:3)
  An ironbound frostheart (Vaults:1)
  A bennu zombie (Tomb:3)
  An anaconda (Snake:1)
  7 two-headed ogres
  Erica (D:11)
  2 satyrs (Shoals:4)
  28 dancing weapons
  A centaur warrior (Vaults:1)
  A deep troll shaman (Depths:3)
  A death scarab (Tomb:1)
  5 death yaks
  A soul eater (Pan)
  A spriggan berserker (Depths:3)
  9 hell knights
  A sun demon (Depths:2)
  6 deep elf knights (Elf:2)
  A wretched star (Abyss:2)
  A sixfirhy (Abyss:2)
  4 iron trolls
  A golden dragon zombie (Zot:5)
  A crystal echidna (Dis:1)
  An anaconda zombie (Tomb:3)
  A deep troll (Vaults:4)
  2 deep elf pyromancers (Elf:2)
  5 deep elf zephyrmancers (Elf:2)
  A flayed ghost (Vaults:4)
  4 deep elf archers
  A phantasmal warrior (Vaults:5)
  4 ugly things
  An ugly thing zombie (D:14)
  A worldbinder (Depths:1)
  2 cyclopes
  2 fauns (Shoals:4)
  3 manticores (Shoals:4)
  A guardian serpent (Elf:2)
  2 elephants (Lair:2)
  3 merfolk sirens
  3 black mambas
  3 centaur zombies (D:11)
  2 water nymphs
  A smoke demon (Depths:1)
  7 cane toads
  A hellion (Geh:7)
  4 komodo dragons
  An unseen horror (D:12)
  A tengu conjurer (D:15)
  2 kobold demonologists (D:11)
  A rime drake (Lair:5)
  A red devil (Hell)
  5 guardian mummies
  5 trolls
  A meliai (shapeshifter) (D:15)
  2 wind drakes (Shoals:4)
  A merfolk (Shoals:4)
  A meliai (D:14)
  A hornet (Lair:5)
  11 blink frogs
  A slime creature (Slime:4)
  A spriggan zombie (Depths:3)
  8 dream sheep
  2 large abominations (Abyss:4)
  2 flying skulls (Abyss:4)
  An air elemental (Elf:2)
  5 wraiths
  2 fire elementals
  4 wyverns
  2 spriggans
  39 yaks
  3 shadows (D:11)
  3 vampires (D:11)
  2 water elementals (Shoals:3)
  A black mamba skeleton (Crypt:1)
  An ettin skeleton (Tomb:2)
  3 basilisks
  A catoblepas simulacrum (Crypt:1)
  A steam dragon (D:10)
  Grum (D:11)
  A vampire mosquito (D:11)
  3 chaos spawn (Pan)
  A naga (Snake:1)
  4 water moccasins
  2 orc warriors (Orc:2)
  2 black bears (Lair:5)
  An ice beast (D:8)
  6 ogres (Orc:2)
  2 boggarts
  3 centaurs
  8 wolves
  A nameless horror (Elf:2)
  A kobold brigand (D:8)
  6 bullfrogs
  A necrophage (D:8)
  3 earth elementals
  A wight (D:10)
  A killer bee (D:9)
  A yak zombie (Lair:3)
  A killer bee (shapeshifter) (D:15)
  2 electric eels
  A howler monkey (D:10)
  2 lava snakes (D:9)
  3 orc priests
  4 orc wizards
  4 hell rats (Lair:3)
  4 mummies
  A howler monkey zombie (D:11)
  An adder (D:4)
  A shadow imp (D:7)
  A white imp (D:6)
  12 orcs
  An endoplasm (shapeshifter) (D:15)
  A kobold (D:8)
  A bush (Depths:3)
  24 foxfires
439 creatures vanquished.

Vanquished Creatures (others)
  A lich (Depths:4)
  An eldritch tentacle (Pan)
  2 fire giants
  A balrug (Geh:1)
  A rockslime zombie (Slime:1)
  5 acid blob zombies
  3 very ugly thing zombies
  A fire dragon (Depths:1)
  A deep elf high priest (Vaults:5)
  2 bennu zombies (Tomb:3)
  2 titan zombies
  3 quicksilver ooze zombies
  4 golden dragon zombies
  An anaconda zombie (Snake:1)
  A shadow dragon zombie (Vaults:5)
  6 ugly thing zombies
  2 deep elf pyromancers
  2 sphinx zombies
  5 frost giant zombies
  An iron dragon zombie (Depths:4)
  5 stone giant zombies
  2 fire giant zombies
  A death scarab zombie (Tomb:3)
  A rust devil (Depths:1)
  A smoke demon (Pan)
  17 elf zombies
  A red draconian zombie (Depths:4)
  2 iron troll zombies
  A redback zombie (D:14)
  A black draconian zombie (Zot:5)
  2 minotaur zombies (Shoals:4)
  A hydra zombie (D:13)
  2 harpy zombies
  2 great orb of eyes zombies
  A meliai zombie (D:14)
  3 ice dragon zombies
  3 ettin zombies (Vaults:5)
  4 black mamba zombies
  A fire dragon zombie (Depths:1)
  6 satyr zombies (Shoals:4)
  A wind drake zombie (Shoals:4)
  28 slime creature zombies
  A water nymph zombie (Shoals:4)
  5 two-headed ogre zombies
  4 merfolk zombies
  2 faun zombies (Shoals:4)
  45 human zombies
  16 deep troll zombies
  3 cane toad zombies
  3 hornet zombies
  A swamp dragon zombie (D:15)
  7 dream sheep zombies (Lair:5)
  3 manticore zombies
  8 blink frog zombies (Lair:5)
  An elephant zombie (Vaults:5)
  A komodo dragon zombie (Lair:5)
  A rime drake zombie (Lair:5)
  8 yaktaur zombies
  A bullfrog (Lair:1)
  A wyvern zombie (Lair:4)
  3 cyclops zombies
  A hell hound zombie (Hell)
  2 water moccasin zombies
  2 polar bear zombies (Lair:5)
  7 spriggan zombies
  4 troll zombies (Orc:2)
  18 yak zombies
  2 naga zombies (Snake:1)
  6 wolf zombies
  A nameless horror (Elf:2)
  5 bullfrog zombies
  A basilisk zombie (D:12)
  2 centaur zombies
  A black bear zombie (Lair:5)
  A boggart zombie (Lair:5)
  2 killer bee zombies (D:9)
  15 ogre zombies
  A hell rat zombie (Hell)
  2 howler monkey zombies
  A gnoll zombie (D:11)
  An endoplasm zombie (D:15)
  3 kobold zombies (D:11)
  38 orc zombies
  9 ball lightnings (Pan)
  65 bushes (Depths:3)
  11 demonic plants (Abyss:4)
  641 fire vortices
  2037 foxfires
  43 fungi
  162 plants
  4 starspawn tentacles (Abyss:4)
  15 tentacles
  9 withered plants (D:11)
3357 creatures vanquished.

Grand Total: 7956 creatures vanquished

Notes
Turn   | Place    | Note
-------+----------+-------------------------------------------
     0 | D:1      | DrBigBum the Djinni Fire Elementalist began the quest for
                  | the Orb.
     0 | D:1      | DrBigBum set off with the following spells memorised:
                  | Foxfire, Scorch, Conjure Flame, Inner Flame, Flame Wave.
     0 | D:1      | Reached XP level 1. HP: 15/15 MP: 0/0
   531 | D:1      | Reached skill level 1 in Fighting
   531 | D:1      | Reached XP level 2. HP: 18/22 MP: 0/0
   858 | D:1      | Found a faded altar of an unknown god.
  1400 | D:1      | Reached XP level 3. HP: 23/27 MP: 0/0
  1400 | D:1      | Learned a level 1 spell: Summon Small Mammal
  1949 | D:2      | Reached XP level 4. HP: 3/33 MP: 0/0
  2557 | D:2      | Noticed Natasha
  2563 | D:2      | Killed Natasha
  2564 | D:2      | Reached XP level 5. HP: 36/40 MP: 0/0
  2564 | D:2      | Learned a level 2 spell: Poisonous Vapours
  2676 | D:2      | Noticed Terence
  2686 | D:2      | Killed Terence
  2870 | D:2      | Identified the +8 mace "Vaschyolo" {freeze, Dex+6}
  2908 | D:2      | Noticed Natasha
  2912 | D:2      | Killed Natasha
  2976 | D:3      | Noticed Ijyb
  2982 | D:3      | Killed Ijyb
  2983 | D:3      | Reached XP level 6. HP: 44/46 MP: 0/0
  3329 | D:3      | Found a shadowy altar of Dithmenos.
  4061 | D:4      | Reached XP level 7. HP: 31/53 MP: 0/0
  4061 | D:4      | Learned a level 3 spell: Swiftness
  4067 | D:4      | Identified the +0 scale mail "Xinnuiqiyg" {+Inv Int+3}
  4115 | D:4      | Found a sand-covered staircase.
  4130 | Ossuary  | Entered an ossuary
  4328 | Ossuary  | Reached skill level 5 in Fighting
  4790 | D:4      | Reached skill level 5 in Spellcasting
  4817 | D:4      | Identified a scroll of acquirement
  4817 | D:4      | Acquired the +1 cloak of the Thinker {rElec Will+ Int-2}
  4825 | D:4      | Noticed Blork the orc
  4854 | D:4      | Killed Blork the orc
  4855 | D:4      | Reached XP level 8. HP: 60/61 MP: 0/0
  4992 | D:5      | Entered Level 5 of the Dungeon
  5223 | D:5      | Found a hazy altar of Hepliaklqana.
  5224 | D:5      | Found a burning altar of Makhleb.
  5227 | D:5      | Found a bloodstained altar of Trog.
  5229 | D:5      | Found a hide-covered altar of Uskayaw.
  5229 | D:5      | Found a stormy altar of Qazlal.
  5233 | D:5      | Found a blossoming altar of Fedhas.
  5238 | D:5      | Became a worshipper of Makhleb the Destroyer
  5732 | D:6      | Noticed Menkaure
  5736 | D:6      | Killed Menkaure
  5766 | D:6      | Found an ornate altar of the Wu Jian Council.
  5791 | D:6      | Reached XP level 9. HP: 68/68 MP: 0/0
  5791 | D:6      | Learned a level 3 spell: Call Canine Familiar
  5994 | D:6      | Found a glowing drain.
  6004 | Sewer    | Entered a sewer
  6049 | Sewer    | Noticed Pargi
  6052 | Sewer    | Killed Pargi
  6135 | D:6      | Reached * piety under Makhleb
  7067 | D:7      | Found a staircase to the Ecumenical Temple.
  7597 | D:8      | Found a sacrificial altar of Ru.
  7674 | D:8      | Reached ** piety under Makhleb
  7815 | D:8      | Reached XP level 10. HP: 65/78 MP: 0/0
  7861 | D:8      | Reached skill level 10 in Fighting
  8307 | D:8      | Found a glowing golden altar of the Shining One.
  8737 | D:8      | HP: 3/81 [yak (9)]
  9108 | D:9      | Noticed a two-headed ogre
  9159 | D:9      | Reached XP level 11. HP: 51/87 MP: 0/0
  9159 | D:9      | Learned a level 4 spell: Animate Dead
  9238 | D:9      | Found Rogalust's Weapon Emporium.
  9524 | D:9      | Reached *** piety under Makhleb
  9566 | D:9      | Found an opulent altar of Gozag.
  9567 | D:9      | Found a white marble altar of Elyvilon.
  9791 | D:9      | Noticed a two-headed ogre
  9796 | D:9      | Killed a two-headed ogre
  9884 | D:10     | Entered Level 10 of the Dungeon
  9884 | D:10     | Found a portal to a secret trove of treasure.
  9911 | Trove    | Entered a treasure trove
  9967 | Trove    | Identified the amulet of Adghiduer {Faith Harm Int+4
                  | Stlth+}
  9970 | Trove    | Identified the amulet of Saguc {Faith Drain +Inv Int+2
                  | Dex+4}
 10247 | D:10     | Found a transporter.
 10247 | D:10     | Noticed a worldbinder
 10249 | D:10     | Found a transporter.
 10250 | D:10     | Found a corrupted altar of Lugonu.
 10306 | D:10     | Noticed Josephine
 10307 | D:10     | Reached skill level 1 in Shields
 10313 | D:10     | Killed Josephine
 10642 | D:10     | Noticed a red ugly thing
 10745 | D:11     | Noticed a sun demon
 10749 | D:11     | Noticed Grum
 10750 | D:11     | Noticed Erica
 10861 | D:11     | Noticed a cyclops
 10869 | D:11     | Killed a cyclops
 10899 | D:11     | Noticed a two-headed ogre
 10903 | D:11     | Killed a two-headed ogre
 10904 | D:11     | Reached skill level 10 in Spellcasting
 10904 | D:11     | Reached XP level 12. HP: 91/96 MP: 0/0
 10930 | D:11     | Noticed a six-headed hydra
 10931 | D:11     | Found a staircase to the Lair.
 10937 | D:11     | Killed a six-headed hydra
 10948 | D:11     | Found Turigh's Jewellery Emporium.
 11008 | D:11     | Reached skill level 5 in Dodging
 11391 | D:11     | Killed Erica
 11428 | D:11     | Reached skill level 5 in Shields
 11720 | D:11     | Killed Grum
 11990 | D:11     | Your ally Grum died
 12063 | D:11     | Noticed a soul eater
 12225 | Lair:1   | Entered Level 1 of the Lair of Beasts
 12301 | Lair:1   | Reached XP level 13. HP: 103/103 MP: 0/0
 12301 | Lair:1   | Learned a level 5 spell: Lightning Bolt
 12378 | Lair:1   | You are sucked into a shaft and drop 1 floor!
 12384 | Lair:2   | Found a staircase to the Snake Pit.
 13548 | D:2      | Noticed Natasha
 13552 | D:2      | Killed Natasha
 13846 | Lair:2   | Identified the +1 scale mail of Magic {Will+++ rCorr Int-4
                  | Stlth+}
 13924 | Lair:2   | Found a staircase to the Shoals.
 14806 | Lair:3   | Reached **** piety under Makhleb
 15073 | Lair:3   | Reached XP level 14. HP: 112/112 MP: 0/0
 15948 | Lair:4   | Found a viscous altar of Jiyva.
 15948 | Lair:4   | Found a staircase to the Slime Pits.
 16133 | Lair:4   | Reached skill level 15 in Fighting
 16433 | Lair:5   | Entered Level 5 of the Lair of Beasts
 16562 | Lair:5   | Reached ***** piety under Makhleb
 17000 | Lair:5   | Reached XP level 15. HP: 119/120 MP: 0/0
 17000 | Lair:5   | Learned a level 6 spell: Starburst
 17001 | Lair:5   | Noticed Nessos
 17010 | Lair:5   | Reached skill level 10 in Dodging
 17013 | Lair:5   | Killed Nessos
 17030 | Lair:5   | Your ally Nessos died
 17563 | Lair:5   | Reached ****** piety under Makhleb
 18065 | D:12     | Found a staircase to the Orcish Mines.
 18563 | D:12     | Noticed Snorg
 18573 | D:12     | Killed Snorg
 18802 | Orc:1    | Entered Level 1 of the Orcish Mines
 18865 | Orc:2    | Entered Level 2 of the Orcish Mines
 18865 | Orc:2    | Found Qaigg's General Store.
 18870 | Orc:2    | Bought the ring "Saunud" {rPois rC+ SInv} for 534 gold
                  | pieces
 18931 | Orc:1    | Found Veweew's Armour Shoppe.
 18986 | Orc:1    | Found a frozen archway.
 18999 | IceCv    | Entered an ice cave
 19039 | IceCv    | Found a transporter.
 19067 | IceCv    | Found a transporter.
 19684 | Orc:2    | Reached skill level 10 in Shields
 19684 | Orc:2    | Reached XP level 16. HP: 126/129 MP: 0/0
 19833 | Orc:2    | Found a staircase to the Elven Halls.
 19860 | Orc:2    | Found Ycuth's Antique Armour Emporium.
 19889 | Orc:2    | Found Vynt's Book Emporium.
 19890 | Orc:2    | Found Alydy Miu's Armour Boutique.
 19923 | Orc:2    | Found Kabliasm's Book Shoppe.
 20749 | D:13     | Found Marex's Book Emporium.
 20787 | D:13     | Found a gate to the Vaults.
 21306 | D:14     | Noticed Jorgrun
 21312 | D:14     | Killed Jorgrun
 21338 | D:14     | Found Qewiewod's Assorted Antiques.
 21347 | D:14     | Bought a scroll of enchant armour for 202 gold pieces
 21632 | D:14     | Found a blossoming altar of Fedhas.
 21820 | D:15     | Entered Level 15 of the Dungeon
 21959 | D:15     | Acquired the +2 helmet of Reason {rC+ rCorr}
 22029 | D:15     | Found a runed translucent gate.
 22030 | D:15     | Found a runed translucent gate.
 22030 | D:15     | Found a runed translucent gate.
 22084 | D:15     | Reached XP level 17. HP: 129/137 MP: 0/0
 22084 | D:15     | Learned a level 7 spell: Summon Hydra
 22208 | D:15     | Found a staircase to the Depths.
 22764 | D:15     | Found a runed translucent gate.
 22764 | D:15     | Found a runed translucent gate.
 22768 | D:15     | Noticed a tentacled monstrosity
 22770 | D:15     | Noticed Yamstis's ghost (adept GnMo)
 22773 | D:15     | Found a runed translucent gate.
 22804 | D:15     | Killed a tentacled monstrosity
 22823 | D:15     | Killed Yamstis's ghost
 22979 | D:15     | Identified the +1 robe of Dyspraxia {+Blink MP-9 Dex+2}
 23399 | Snake:1  | Entered Level 1 of the Snake Pit
 23464 | Snake:1  | Noticed Donald
 23470 | Snake:1  | Killed Donald
 23477 | Snake:1  | Noticed Frances
 23482 | Snake:1  | Killed Frances
 24326 | Snake:2  | Reached XP level 18. HP: 123/146 MP: 0/0
 24491 | Snake:2  | Reached skill level 15 in Spellcasting
 24514 | Snake:2  | Identified the +2 pair of gloves of the Onion {Rampage
                  | Regen+ Str-5 Dex+2}
 25092 | Snake:2  | Noticed Nikola
 25099 | Snake:2  | Killed Nikola
 25424 | Snake:3  | Noticed Vashnia
 25426 | Snake:3  | Found Syruz's Assorted Antiques.
 25430 | Snake:3  | Killed Vashnia
 25477 | Snake:3  | Reached skill level 5 in Armour
 25477 | Snake:3  | Reached XP level 19. HP: 153/153 MP: 0/0
 25477 | Snake:3  | Learned a level 6 spell: Summon Cactus Giant
 25519 | Snake:3  | Identified the +11 dagger of the Charming Vulture {freeze,
                  | rN+}
 25561 | Snake:3  | Noticed Aizul
 25574 | Snake:3  | Killed Aizul
 25891 | Snake:4  | Entered Level 4 of the Snake Pit
 26023 | Snake:4  | Found Paudgh's Armour Emporium.
 26025 | Snake:4  | Found Tijucreh's Magic Scroll Shoppe.
 26025 | Snake:4  | Found Gifinirch's Weapon Emporium.
 26038 | Snake:4  | Found Ymisaaxe's Weapon Shoppe.
 26047 | Snake:4  | Bought a scroll of magic mapping for 90 gold pieces
 26047 | Snake:4  | Bought a scroll of summoning for 114 gold pieces
 26137 | Snake:4  | Found an iron altar of Okawaru.
 26349 | Snake:4  | Reached XP level 20. HP: 160/160 MP: 0/0
 26799 | Snake:4  | Got a serpentine rune of Zot
 27061 | Shoals:1 | Entered Level 1 of the Shoals
 27842 | Shoals:2 | Found Fimmiun's Island Escapes.
 27850 | Shoals:2 | Bought a scroll of blinking for 97 gold pieces
 27850 | Shoals:2 | Bought a scroll of blinking for 97 gold pieces
 28163 | Shoals:2 | Noticed a tentacled monstrosity
 28169 | Shoals:2 | Killed a tentacled monstrosity
 28185 | Shoals:2 | Identified the ring "Talilau" {rC+ AC+4 Int+2}
 28754 | Shoals:3 | Found a transporter.
 28757 | Shoals:3 | Identified the ring "Nosimobu" {rN++ Will+ Str-4 Int+7}
 28757 | Shoals:3 | Identified the +8 whip of Doom {vorpal, Dex+6}
 28757 | Shoals:3 | Identified the ring of Buastros {Str+4 Int+6 Dex-2}
 28827 | Shoals:3 | Reached XP level 21. HP: 157/169 MP: 0/0
 28827 | Shoals:3 | Learned a level 8 spell: Maxwell's Capacitive Coupling
 28883 | Shoals:3 | Found a transporter.
 29408 | Shoals:4 | Entered Level 4 of the Shoals
 29846 | Shoals:4 | Identified the amulet of Malaga {Faith Slay+2}
 29928 | Shoals:4 | Got a barnacled rune of Zot
 29962 | Shoals:4 | Identified the +4 shortbow of Xeh Etyj {flame, Fragile rN+
                  | Str+7}
 29963 | Shoals:4 | Identified the +0 chain mail of Blue Knowledge {rN++ Int-5
                  | Dex+4}
 30309 | Elf:1    | Entered Level 1 of the Elven Halls
 30311 | Elf:1    | Noticed Azrael
 30313 | Elf:1    | Killed Azrael
 30350 | Elf:1    | Reached skill level 15 in Dodging
 31432 | Elf:2    | Identified the +8 trident "Boke" {vorpal, Fragile rElec
                  | rCorr Int+6}
 31630 | Elf:2    | Found a runed translucent gate.
 31631 | Elf:2    | Found a runed translucent gate.
 31631 | Elf:2    | Found a runed translucent gate.
 31758 | Elf:2    | Reached XP level 22. HP: 176/176 MP: 0/0
 32417 | Elf:3    | Entered Level 3 of the Elven Halls
 32500 | Elf:3    | Found Tyle's Armour Shoppe.
 32600 | Elf:3    | Paralysed by an air elemental for 1 turns
 32704 | Elf:3    | Found Neokycw's Antique Armour Boutique.
 32777 | Elf:3    | Found Godath's General Store.
 32785 | Elf:3    | Bought a scroll of fear for 56 gold pieces
 32806 | Elf:3    | Noticed Asterion
 32808 | Elf:3    | Killed Asterion
 33023 | Elf:3    | Identified the +6 trident of Haixuwym {drain, rElec}
 33028 | Elf:3    | Identified the +4 troll leather armour "Acsowore" {+Blink
                  | rElec Regen+ Str+3 Stlth-}
 33097 | Elf:3    | Identified the ring of Niwk {rElec AC+4}
 33112 | Elf:3    | Identified the ring of Fuan Huodi {rN+ rCorr Str+4}
 33124 | Elf:3    | Reached skill level 15 in Shields
 33145 | Elf:3    | Reached XP level 23. HP: 63/184 MP: 0/0
 33145 | Elf:3    | Learned a level 8 spell: Ignition
 33480 | Elf:3    | Found Yqor's Weapon Emporium.
 33728 | Elf:3    | Identified the +1 shortbow of Duty {flame, MP+9}
 33736 | Elf:3    | Identified the +9 quick blade of Doubt {venom, rF+ Str+4
                  | Int+7}
 33767 | Elf:3    | Identified the +1 leather armour of Too Many Cooks {Contam
                  | Fly rF++}
 34156 | Vaults:1 | Entered Level 1 of the Vaults
 34873 | Vaults:1 | Identified the +3 chain mail "Daheluwohu" {rN+ Will- Str-5
                  | Int+8}
 35887 | Vaults:2 | Found Bitiskid's Book Emporium.
 35897 | Vaults:2 | Noticed Jory
 35913 | Vaults:2 | Killed Jory
 35987 | Vaults:2 | Reached XP level 24. HP: 170/193 MP: 0/0
 36483 | Vaults:3 | Identified the +6 flail of the Blue Skies {drain, Fly}
 37029 | Vaults:3 | Found a staircase to the Crypt.
 38247 | Vaults:5 | Entered Level 5 of the Vaults
 38249 | Vaults:5 | Reached XP level 25. HP: 201/201 MP: 0/0
 38249 | Vaults:5 | Learned a level 9 spell: Fire Storm
 38275 | Vaults:5 | Noticed an ancient lich
 38286 | Vaults:5 | Killed an ancient lich
 38288 | Vaults:5 | Identified the +9 great sword of Ybeampo {drain, Drain
                  | +Blink Will+ rCorr}
 38591 | Vaults:5 | Got a silver rune of Zot
 38592 | Vaults:5 | Noticed a dread lich
 38610 | Vaults:5 | Killed a dread lich
 38700 | Vaults:5 | Found the +2 cloak of the Thief {*Fog Slay-2 SInv Stlth+}
 39226 | Vaults:5 | Found Latimedd's Magic Scroll Shop.
 39226 | Vaults:5 | Found Xusopna's Distillery.
 39237 | Vaults:5 | Bought a potion of resistance for 120 gold pieces
 39237 | Vaults:5 | Bought a potion of haste for 120 gold pieces
 39549 | Depths:1 | Entered Level 1 of the Depths
 39576 | Depths:1 | Found Nihie's Magic Scroll Boutique.
 39598 | Depths:1 | Found Jiuzokka's Antique Armour Boutique.
 39602 | Depths:1 | Bought a scroll of fear for 56 gold pieces
 39602 | Depths:1 | Bought a scroll of fear for 56 gold pieces
 39602 | Depths:1 | Bought a scroll of teleportation for 42 gold pieces
 39602 | Depths:1 | Bought a scroll of enchant armour for 105 gold pieces
 39604 | Depths:1 | Acquired a manual of Shields
 39841 | Depths:1 | Reached XP level 26. HP: 171/209 MP: 0/0
 39988 | Depths:1 | Found a one-way gate to the infinite horrors of the Abyss.
 40090 | Depths:1 | Found a gateway to Hell.
 40209 | Depths:1 | Identified the +2 ring mail "Homuahuff" {*Slow rN++ rCorr}
 40782 | Depths:1 | Found a shadowy altar of Dithmenos.
 41307 | Depths:2 | Found Tutol's Distillery.
 41326 | Depths:2 | Bought a potion of experience for 950 gold pieces
 41326 | Depths:2 | Reached XP level 27. HP: 215/215 MP: 0/0
 41326 | Depths:2 | Learned a level 9 spell: Chain Lightning
 41457 | Depths:2 | Found a one-way gate leading to the halls of Pandemonium.
 41677 | Depths:2 | Noticed Saint Roka
 41694 | Depths:2 | Killed Saint Roka
 42222 | Depths:3 | Found a corrupted altar of Lugonu.
 42226 | Depths:3 | Reached skill level 1 in Short Blades
 42868 | Depths:4 | Entered Level 4 of the Depths
 43237 | Depths:4 | Reached skill level 10 in Armour
 43363 | Depths:4 | Reached skill level 5 in Short Blades
 43492 | Depths:4 | Found a viscous altar of Jiyva.
 43701 | Depths:4 | Found a glowing golden altar of the Shining One.
 43702 | Depths:4 | Found a runed translucent door.
 43732 | Depths:4 | Found a one-way gateway to a ziggurat.
 44069 | Depths:4 | Found a runed translucent door.
 44074 | Depths:4 | Found a runed translucent door.
 44094 | Depths:4 | Found a runed translucent door.
 44101 | Depths:4 | Found a runed translucent door.
 44213 | Depths:4 | Found a runed translucent door.
 44220 | Depths:4 | Found a runed translucent door.
 44269 | Depths:4 | Found a gate to the Realm of Zot.
 44720 | Slime:1  | Entered Level 1 of the Pits of Slime
 45248 | Slime:4  | Reached skill level 1 in Evocations
 45571 | Slime:5  | Entered Level 5 of the Pits of Slime
 45589 | Slime:5  | Noticed the Royal Jelly
 45592 | Slime:5  | Killed the Royal Jelly
 45670 | Slime:5  | Got a slimy rune of Zot
 45682 | Slime:5  | Identified the +3 leather armour of Quotamn {-Cast rPois
                  | rC- Regen+}
 45724 | Slime:5  | Identified the +5 dagger "Bung" {holy, Will+}
 45725 | Slime:5  | Identified the +6 chain mail of Golden the Leaf {Regen+
                  | SInv}
 45768 | Slime:5  | Identified the ring of Hueninte {rElec rCorr Stlth+}
 45773 | Slime:5  | Identified the +6 great sword of Wounding {speed, rN+}
 46426 | Depths:1 | Voluntarily entered the Abyss.
 46847 | Abyss:2  | Gained mutation: You are somewhat resistant to further
                  | mutation. [a cacodemon]
 47487 | Depths:1 | Escaped the Abyss
 47603 | Depths:1 | Voluntarily entered the Abyss.
 47663 | Abyss:4  | Gained mutation: You occasionally lose the ability to read
                  | scrolls when taking damage. [a cacodemon]
 47860 | Abyss:4  | Reached skill level 5 in Evocations
 47923 | Depths:1 | Escaped the Abyss
 48078 | Depths:1 | Voluntarily entered the Abyss.
 48096 | Abyss:4  | Got an abyssal rune of Zot
 48172 | Depths:1 | Escaped the Abyss
 48305 | Depths:1 | Lost mutation: You occasionally lose the ability to read
                  | scrolls when taking damage. [potion of mutation]
 48305 | Depths:1 | Lost mutation: You are somewhat resistant to further
                  | mutation. [potion of mutation]
 48305 | Depths:1 | Gained mutation: You are clumsy. (Dex -2) [potion of
                  | mutation]
 48305 | Depths:1 | Gained mutation: Your movements are slightly less
                  | encumbered by armour. (ER -2) [potion of mutation]
 48305 | Depths:1 | Gained mutation: Your spells are a little harder to cast,
                  | but a little more powerful. [potion of mutation]
 48305 | Depths:1 | Gained mutation: You are somewhat resistant to further
                  | mutation. [potion of mutation]
 48326 | Hell     | Entered the Vestibule of Hell
 48327 | Hell     | Noticed Geryon
 48333 | Hell     | Killed Geryon
 48643 | Hell     | Found a gateway to the decaying netherworld of Tartarus.
 48698 | Hell     | Found a gateway to the freezing wastes of Cocytus.
 48765 | Hell     | Found a gateway to the Iron City of Dis.
 48877 | Hell     | Found a gateway to the ashen valley of Gehenna.
 48940 | Geh:1    | Entered Level 1 of Gehenna
 49498 | Coc:1    | Entered Level 1 of Cocytus
 49573 | Coc:4    | Noticed a shard shrike
 49573 | Coc:4    | Noticed a shard shrike
 49575 | Coc:4    | Noticed a shard shrike
 49576 | Coc:4    | Killed a shard shrike
 49577 | Coc:4    | Killed a shard shrike
 49578 | Coc:4    | Killed a shard shrike
 49725 | Coc:6    | Noticed a shard shrike
 49725 | Coc:6    | Noticed a shard shrike
 49726 | Coc:6    | Noticed a shard shrike
 49727 | Coc:6    | Killed a shard shrike
 49727 | Coc:6    | Killed a shard shrike
 49727 | Coc:6    | Killed a shard shrike
 49730 | Coc:6    | Noticed a shard shrike
 49730 | Coc:6    | Noticed a shard shrike
 49731 | Coc:6    | Noticed a shard shrike
 49732 | Coc:6    | Noticed a shard shrike
 49733 | Coc:6    | Killed a shard shrike
 49733 | Coc:6    | Killed a shard shrike
 49733 | Coc:6    | Killed a shard shrike
 49733 | Coc:6    | Killed a shard shrike
 49743 | Coc:6    | Noticed a dread lich
 49752 | Coc:6    | Killed a dread lich
 49769 | Coc:7    | Entered Level 7 of Cocytus
 49823 | Coc:7    | Noticed a shard shrike
 49823 | Coc:7    | Noticed a shard shrike
 49825 | Coc:7    | Killed a shard shrike
 49827 | Coc:7    | Noticed a shard shrike
 49828 | Coc:7    | Killed a shard shrike
 49831 | Coc:7    | Noticed a shard shrike
 49831 | Coc:7    | Killed a shard shrike
 49836 | Coc:7    | Killed a shard shrike
 49893 | Coc:7    | Noticed a shard shrike
 49896 | Coc:7    | Killed a shard shrike
 49897 | Coc:7    | Noticed a shard shrike
 49897 | Coc:7    | Killed a shard shrike
 49898 | Coc:7    | Noticed a shard shrike
 49899 | Coc:7    | Killed a shard shrike
 49903 | Coc:7    | Noticed a shard shrike
 49906 | Coc:7    | Killed a shard shrike
 49909 | Coc:7    | Noticed a shard shrike
 49911 | Coc:7    | Killed a shard shrike
 50018 | Coc:7    | Noticed Antaeus
 50025 | Coc:7    | Killed Antaeus
 50046 | Coc:7    | Got an icy rune of Zot
 50212 | Coc:7    | Noticed a shard shrike
 50213 | Coc:7    | Killed a shard shrike
 50231 | Coc:7    | Noticed a shard shrike
 50235 | Coc:7    | Killed a shard shrike
 50238 | Coc:7    | Noticed a shard shrike
 50239 | Coc:7    | Noticed a shard shrike
 50241 | Coc:7    | Killed a shard shrike
 50242 | Coc:7    | Noticed a shard shrike
 50243 | Coc:7    | Killed a shard shrike
 50244 | Coc:7    | Killed a shard shrike
 50270 | Coc:7    | Noticed a shard shrike
 50272 | Coc:7    | Killed a shard shrike
 50282 | Coc:7    | Noticed a shard shrike
 50284 | Coc:7    | Killed a shard shrike
 50385 | Coc:7    | Noticed a shard shrike
 50388 | Coc:7    | Killed a shard shrike
 50414 | Coc:7    | Noticed a shard shrike
 50416 | Coc:7    | Killed a shard shrike
 51258 | Crypt:1  | Entered Level 1 of the Crypt
 51503 | Crypt:1  | Reached skill level 27 in Spellcasting
 51696 | Crypt:1  | Identified the +2 trident of Seocetaj {vorpal, Fragile rN+
                  | Str+2}
 51999 | Crypt:2  | Found a runed translucent gate.
 52000 | Crypt:2  | Found a runed translucent gate.
 52000 | Crypt:2  | Found a runed translucent gate.
 52000 | Crypt:2  | Noticed Teduw's ghost (veteran MiGl)
 52012 | Crypt:2  | Found a magical portal.
 52017 | WizLab   | Entered Doroklohe's Tomb
 52392 | Crypt:2  | Acquired 776 gold pieces
 52394 | Crypt:2  | Acquired 888 gold pieces
 52423 | Crypt:2  | Noticed an ancient lich
 52425 | Crypt:2  | Noticed an ancient lich
 52672 | Crypt:2  | Identified the +3 shortbow of Gehenna {venom, Drain +Blink
                  | rCorr MP+9}
 52683 | Crypt:2  | Found a basalt altar of Yredelemnul.
 52690 | Crypt:2  | Identified the +6 tower shield "Haveer" {Fly Str-5 Dex+4
                  | SInv}
 53205 | Crypt:2  | Killed an ancient lich
 53206 | Crypt:2  | Killed an ancient lich
 53218 | Crypt:2  | Killed Teduw's ghost
 53243 | Crypt:2  | Identified the amulet of Wu Jian's Approval {Spirit rF-
                  | Dex+7}
 53248 | Crypt:2  | Identified the +0 pair of boots of Ileihool {rF+}
 53280 | Crypt:3  | Entered Level 3 of the Crypt
 53285 | Crypt:3  | Identified the +0 leather armour "Xutt" {Str+2}
 53845 | Crypt:3  | Identified the +6 sling "Desmueloipe" {speed, Fly rF+
                  | Will++ Int-3}
 53953 | Crypt:3  | Reached skill level 27 in Fighting
 53953 | Crypt:3  | Noticed Mennas
 53959 | Crypt:3  | Killed Mennas
 53970 | Crypt:3  | Noticed a royal mummy
 53972 | Crypt:3  | Killed a royal mummy
 54218 | Crypt:3  | Found a staircase to the Tomb.
 54417 | Crypt:3  | Identified the +2 scale mail of the Falcon {-Cast rPois rF+
                  | Dex+4}
 55049 | Tar:1    | Entered Level 1 of Tartarus
 55927 | Tar:6    | Reached skill level 15 in Armour
 56024 | Tar:7    | Entered Level 7 of Tartarus
 56912 | Tar:7    | Found the +5 sword of Power {vorpal}
 56922 | Tar:7    | Identified the +1 robe of Foudider {Will+}
 57386 | Tar:7    | Identified the +1 battleaxe of the Ass {flame, rCorr}
 57536 | Tar:7    | Noticed Ereshkigal
 57542 | Tar:7    | Killed Ereshkigal
 57574 | Tar:7    | Found the macabre finger necklace {rN+}
 57582 | Tar:7    | Identified the +0 ring mail "Kueneupu" {Dex+3}
 57584 | Tar:7    | Identified the +6 war axe of Seidusum {freeze, rC+ Str+4
                  | Dex+6}
 57586 | Tar:7    | Got a bone rune of Zot
 58219 | Dis:1    | Entered Level 1 of the Iron City of Dis
 58811 | Geh:7    | Entered Level 7 of Gehenna
 58863 | Geh:7    | Noticed a dread lich
 58866 | Geh:7    | Killed a dread lich
 59054 | Geh:7    | Noticed the Serpent of Hell
 59060 | Geh:7    | Killed the Serpent of Hell
 59851 | Geh:7    | Found the +7 sceptre of Asmodeus
 59851 | Geh:7    | Noticed Asmodeus
 59856 | Geh:7    | Killed Asmodeus
 59898 | Geh:7    | Got an obsidian rune of Zot
 60311 | Pan      | Entered Pandemonium
 60596 | Pan      | Noticed Zurphoedess the pandemonium lord
 60611 | Pan      | Killed Zurphoedess the pandemonium lord
 60669 | Pan      | Got a demonic rune of Zot
 60732 | Pan      | Noticed Wauxt the pandemonium lord
 60735 | Pan      | Killed Wauxt the pandemonium lord
 60989 | Pan      | Noticed Koguc the pandemonium lord
 60996 | Pan      | Killed Koguc the pandemonium lord
 61218 | Pan      | Found an exit through the horrors of the Abyss.
 61585 | Pan      | Noticed Nusies the pandemonium lord
 61589 | Pan      | Killed Nusies the pandemonium lord
 61890 | Pan      | Entered the realm of Lom Lobon.
 62216 | Pan      | Noticed Lom Lobon
 62230 | Pan      | Killed Lom Lobon
 62283 | Pan      | Got a magical rune of Zot
 62778 | Pan      | Noticed Hemos the pandemonium lord
 62782 | Pan      | Killed Hemos the pandemonium lord
 62895 | Pan      | Entered the realm of Mnoleg.
 62960 | Pan      | Reached skill level 27 in Shields
 62999 | Pan      | Noticed Mnoleg
 63009 | Pan      | Killed Mnoleg
 63027 | Pan      | Got a glowing rune of Zot
 63188 | Pan      | Entered the realm of Cerebov.
 63659 | Pan      | Found the +6 sword of Cerebov {flame}
 63659 | Pan      | Noticed Cerebov
 63673 | Pan      | Killed Cerebov
 63686 | Pan      | Got a fiery rune of Zot
 63737 | Pan      | Identified the +6 halberd of the Spectre {freeze, rPois
                  | Str+6 Dex+4}
 63781 | Pan      | Identified the +6 mace "Concordance" {freeze, Str+4}
 63782 | Pan      | Identified the +2 dagger "Tutepail" {venom, *Slow Str+3
                  | Int+5}
 63806 | Pan      | Identified the +0 pair of gloves of Sunlight {Slay+4
                  | Stlth+}
 63921 | Pan      | Identified the +3 robe of Fortification {+Inv rCorr Slay-3
                  | Stlth+}
 64162 | Pan      | Entered the realm of Gloorx Vloq.
 64208 | Pan      | Noticed Gloorx Vloq
 64214 | Pan      | Killed Gloorx Vloq
 64433 | Pan      | Identified the +2 leather armour "Giomafov" {Dex+2}
 64477 | Pan      | Found an exit through the horrors of the Abyss.
 64922 | Pan      | Got a dark rune of Zot
 65076 | Pan      | Took an exit into the Abyss.
 65076 | Abyss:4  | Escaped into the Abyss
 65100 | Depths:4 | Escaped the Abyss
 65535 | Tomb:1   | Entered Level 1 of the Tomb of the Ancients
 66145 | Tomb:1   | Reached skill level 1 in Maces & Flails
 66235 | Tomb:1   | Reached skill level 27 in Armour
 66315 | Tomb:1   | Identified the +9 broad axe of Jynyusut {freeze, Will+}
 66588 | Tomb:1   | Acquired a manual of Maces & Flails
 66658 | Tomb:2   | Reached skill level 5 in Maces & Flails
 66658 | Tomb:2   | Noticed a royal mummy
 66658 | Tomb:2   | Noticed a royal mummy
 66659 | Tomb:2   | Noticed a royal mummy
 66661 | Tomb:2   | Noticed a royal mummy
 66662 | Tomb:2   | Killed a royal mummy
 66665 | Tomb:2   | Killed a royal mummy
 66665 | Tomb:2   | Killed a royal mummy
 66667 | Tomb:2   | Killed a royal mummy
 66902 | Tomb:2   | Reached skill level 10 in Maces & Flails
 66979 | Tomb:1   | Noticed a royal mummy
 66979 | Tomb:1   | Noticed a royal mummy
 66979 | Tomb:1   | Noticed a royal mummy
 66982 | Tomb:1   | Killed a royal mummy
 66982 | Tomb:1   | Killed a royal mummy
 66983 | Tomb:1   | Killed a royal mummy
 67045 | Tomb:1   | Noticed a royal mummy
 67045 | Tomb:1   | Noticed a royal mummy
 67047 | Tomb:1   | Killed a royal mummy
 67048 | Tomb:1   | Killed a royal mummy
 67091 | Tomb:1   | Noticed a royal mummy
 67093 | Tomb:1   | Killed a royal mummy
 67097 | Tomb:1   | Noticed a royal mummy
 67107 | Tomb:1   | Killed a royal mummy
 67203 | Tomb:1   | Noticed a royal mummy
 67207 | Tomb:1   | Killed a royal mummy
 67279 | Tomb:1   | Noticed a royal mummy
 67283 | Tomb:1   | Killed a royal mummy
 67292 | Tomb:1   | Noticed a royal mummy
 67294 | Tomb:1   | Killed a royal mummy
 67308 | Tomb:1   | Noticed a royal mummy
 67311 | Tomb:1   | Killed a royal mummy
 67374 | Tomb:1   | Noticed a royal mummy
 67377 | Tomb:1   | Killed a royal mummy
 67434 | Tomb:1   | Noticed a royal mummy
 67437 | Tomb:1   | Killed a royal mummy
 67447 | Tomb:1   | Noticed a royal mummy
 67448 | Tomb:1   | Noticed a royal mummy
 67450 | Tomb:1   | Killed a royal mummy
 67451 | Tomb:1   | Killed a royal mummy
 67461 | Tomb:1   | Noticed a royal mummy
 67468 | Tomb:1   | Killed a royal mummy
 67492 | Tomb:1   | Noticed a royal mummy
 67494 | Tomb:1   | Noticed a royal mummy
 67495 | Tomb:1   | Killed a royal mummy
 67498 | Tomb:1   | Killed a royal mummy
 67525 | Tomb:1   | Noticed a royal mummy
 67527 | Tomb:1   | Killed a royal mummy
 68366 | Pan      | Entered Pandemonium
 68425 | Pan      | Noticed Saneo the pandemonium lord
 68430 | Pan      | Killed Saneo the pandemonium lord
 68536 | Pan      | Noticed Unenuos the pandemonium lord
 68541 | Pan      | Killed Unenuos the pandemonium lord
 68562 | Pan      | Found an exit through the horrors of the Abyss.
 68715 | Pan      | Noticed Nenkol the pandemonium lord
 68720 | Pan      | Killed Nenkol the pandemonium lord
 69029 | Pan      | Reached skill level 15 in Maces & Flails
 69077 | Pan      | Identified the +1 chain mail of Rotation {rPois}
 69103 | Pan      | Found an exit through the horrors of the Abyss.
 69347 | Pan      | Noticed Houh the pandemonium lord
 69351 | Pan      | Killed Houh the pandemonium lord
 69480 | Pan      | Noticed Wauhej the pandemonium lord
 69485 | Pan      | Killed Wauhej the pandemonium lord
 69769 | Pan      | Found an exit through the horrors of the Abyss.
 69776 | Pan      | Took an exit into the Abyss.
 69776 | Abyss:4  | Escaped into the Abyss
 69776 | Abyss:4  | Found a corrupted altar of Lugonu.
 69798 | Depths:2 | Escaped the Abyss
 70717 | Tomb:3   | Entered Level 3 of the Tomb of the Ancients
 70733 | Tomb:3   | Noticed a royal mummy
 70735 | Tomb:3   | Noticed a royal mummy
 70793 | Tomb:3   | Killed a royal mummy
 70804 | Tomb:3   | Killed a royal mummy
 70815 | Tomb:3   | Noticed a royal mummy
 70817 | Tomb:3   | Killed a royal mummy
 70820 | Tomb:3   | Noticed a royal mummy
 70823 | Tomb:3   | Killed a royal mummy
 71084 | Tomb:3   | Identified the +0 chain mail of Space {rPois}
 71169 | Tomb:3   | Identified the +0 plate armour "Tuoc" {Harm rN+ Int+2
                  | Slay-4}
 71205 | Tomb:3   | Identified the +4 pair of gloves "Emmutr Gury" {rPois
                  | Will+}
 71225 | Tomb:3   | Identified the +4 pair of boots of Feacych {Fly Will-
                  | Regen+ Int+4}
 71227 | Tomb:3   | Identified the +6 short sword of Inference {freeze, Str+4}
 71298 | Tomb:3   | Noticed a royal mummy
 71300 | Tomb:3   | Killed a royal mummy
 71305 | Tomb:3   | Noticed a royal mummy
 71306 | Tomb:3   | Killed a royal mummy
 71310 | Tomb:3   | Killed a royal mummy
 71409 | Tomb:3   | Noticed a royal mummy
 71412 | Tomb:3   | Killed a royal mummy
 71441 | Tomb:3   | Noticed a royal mummy
 71443 | Tomb:3   | Killed a royal mummy
 71520 | Tomb:3   | Got a golden rune of Zot
 72229 | Dis:1    | Reached skill level 1 in Invocations
 72232 | Dis:1    | Noticed an ancient lich
 72235 | Dis:1    | Killed an ancient lich
 72311 | Dis:2    | Noticed a dread lich
 72316 | Dis:2    | Killed a dread lich
 72363 | Dis:3    | Noticed an ancient lich
 72365 | Dis:3    | Killed an ancient lich
 72368 | Dis:3    | Noticed a dread lich
 72368 | Dis:3    | Noticed a dread lich
 72368 | Dis:3    | Noticed an ancient lich
 72370 | Dis:3    | Noticed an ancient lich
 72371 | Dis:3    | Noticed an ancient lich
 72372 | Dis:3    | Killed a dread lich
 72372 | Dis:3    | Killed a dread lich
 72372 | Dis:3    | Killed an ancient lich
 72373 | Dis:3    | Reached skill level 5 in Invocations
 72375 | Dis:3    | Killed an ancient lich
 72376 | Dis:3    | Killed an ancient lich
 72494 | Dis:4    | You are sucked into a shaft and drop 2 floors!
 72500 | Dis:7    | Entered Level 7 of the Iron City of Dis
 72804 | Dis:7    | Reached skill level 27 in Dodging
 72804 | Dis:7    | Reached skill level 10 in Invocations
 72860 | Dis:7    | Noticed a juggernaut
 72862 | Dis:7    | Killed a juggernaut
 72865 | Dis:7    | Noticed a juggernaut
 72867 | Dis:7    | Killed a juggernaut
 72970 | Dis:7    | Noticed a juggernaut
 72976 | Dis:7    | Killed a juggernaut
 73257 | Dis:7    | Found the +4 staff of Dispater
 73257 | Dis:7    | Noticed Dispater
 73392 | Dis:7    | Identified the +3 robe of Rathara {Int+4 Dex+3}
 73501 | Dis:7    | Killed Dispater
 73626 | Dis:7    | Got an iron rune of Zot
 73628 | Dis:7    | Identified the +9 short sword "Komokeg" {drain, rC+}
 73937 | Zot:1    | Entered Level 1 of the Realm of Zot
 74243 | Zot:1    | Reached skill level 15 in Invocations
 75425 | Zot:2    | Noticed an ancient lich
 75431 | Zot:2    | Killed an ancient lich
 76076 | Zot:3    | Noticed a Killer Klown
 76080 | Zot:3    | Noticed a Killer Klown
 76082 | Zot:3    | Killed a Killer Klown
 76094 | Zot:3    | Killed a Killer Klown
 76203 | Zot:3    | Identified the +6 ring mail of Insurance {-Cast rElec rF+
                  | Str+2}
 77468 | Zot:5    | Entered Level 5 of the Realm of Zot
 77543 | Zot:5    | Noticed a Killer Klown
 77546 | Zot:5    | Killed a Killer Klown
 77948 | Zot:5    | Noticed a Killer Klown
 77951 | Zot:5    | Killed a Killer Klown
 77981 | Zot:5    | Noticed a dread lich
 77983 | Zot:5    | Killed a dread lich
 77984 | Zot:5    | Noticed an ancient lich
 77985 | Zot:5    | Killed an ancient lich
 78005 | Zot:5    | Noticed a Killer Klown
 78006 | Zot:5    | Killed a Killer Klown
 78009 | Zot:5    | Noticed a dread lich
 78011 | Zot:5    | Killed a dread lich
 78014 | Zot:5    | Noticed a Killer Klown
 78016 | Zot:5    | Killed a Killer Klown
 78016 | Zot:5    | Noticed an orb of fire
 78021 | Zot:5    | Killed a Killer Klown
 78022 | Zot:5    | Killed an orb of fire
 78144 | Zot:5    | Noticed an orb of fire
 78147 | Zot:5    | Noticed a Killer Klown
 78149 | Zot:5    | Killed an orb of fire
 78149 | Zot:5    | Noticed a dread lich
 78150 | Zot:5    | Killed a Killer Klown
 78153 | Zot:5    | Killed a dread lich
 78185 | Zot:5    | Noticed an ancient lich
 78188 | Zot:5    | Killed an ancient lich
 78201 | Zot:5    | Got the Orb of Zot
 78736 | D:15     | Noticed Lirgha Lubb the pandemonium lord
 78739 | D:15     | Killed Lirgha Lubb the pandemonium lord
 79053 | D:5      | Noticed Notuuh the pandemonium lord
 79058 | D:5      | Killed Notuuh the pandemonium lord
 79129 | D:$      | Escaped with the Orb!

Illustrated notes

Levels and vault maps discovered:
D:1:      eino_arrival_druids_welcome, layout_basic,
          chequers_ecumenical_altar_simple_redux
D:2:      layout_basic, glass_columns_a, uniq_natasha, uniq_terence
D:3:      layout_basic, amcnicky_altar_gilded, nrook_uturn, uniq_ijyb
D:4:      layout_rooms, enter_ossuary_3, minmay_quadrilaterals,
          uniq_blork_the_orc
D:5:      layout_basic, grunt_temple_overflow_open, grunt_ministairs_3
D:6:      layout_cave_pods, pdpol_wu_jian_five_deadly_venoms,
          portal_sewer_entry_d, minivault_10, minmay_tree_intersection,
          hangedman_abyss_or_decor_stabs, uniq_menkaure
D:7:      layout_gridville, minmay_temple_entry_wispy
D:8:      layout_basic, nicolae_ru_sacrificial_ziggurat, old_standard_altar,
          dreamdust_princess_corridor
D:9:      layout_loops_ring, lemuel_zombie_altar_kikubaaqudgha,
          mainiacjoe_overflow_alcove_2, nicolae_overflow_two_pavilions,
          serial_shops, nicolae_shop_bloodbath_and_beyond,
          minmay_alternating_orb
D:10:     gammafunk_corrupted_shrine, layout_basic,
          nicolae_trove_entry_isolated, uniq_josephine
D:11:     layout_basic, lair_entry_dummy, serial_shops, shop, serial_undead,
          serial_undead_f, serial_undead_b, serial_undead_e, serial_undead_e,
          serial_undead_a, serial_undead_f, nicolae_eternal_life,
          interstate_on_off, minmay_strange_pillars, uniq_grum, uniq_erica
D:12:     layout_long_grid, david_orc_5, uniq_snorg
D:13:     layout_loops_ring, ximxim_vaults_locker_room, serial_shops,
          kennysheep_mini, serial_aquarium, aquarium_bridge_square
          [aquarium_subvault_window, aquarium_subvault_window,
          aquarium_subvault_bridge, aquarium_subvault_bridge],
          aquarium_window_1, aquarium_window_corner, aquarium_window_1,
          aquarium_window_fake, aquarium_view_2d, aquarium_balcony_5b
D:14:     layout_long_grid, serial_bayou_pond_b, serial_shops,
          nicolae_shop_overgrown_old_shop, minmay_misc_feat_plants,
          chequers_serial_rivers_micro_b, drop_trap, fedhas_altar_4,
          uniq_jorgrun
D:15:     hangedman_depths_entry_civil_slaughter, layout_cave_pools,
          kennysheep_flooded_box, ploomutoo_gammafunk_ghost_potion_laboratory
Lair:1:   layout_loops_ring, nicolae_quartered_pool_medium,
          serial_bayou_lagoon_a, minivault_11, chequers_serial_rivers_micro_d,
          lemuel_fruit_fields
Lair:2:   layout_misc_corridors, minmay_shoals_entry_centaurs,
          dummy_snake_entry, nicolae_lair_lil_pond, lemuel_fruit_tree,
          grunt_megastairs_3
Lair:3:   layout_cave_pods, special_room [special_room_mythical_zoo]
Lair:4:   layout_cellular_growth, dpeg_slime_entry_enclosed
Lair:5:   minmay_lair_end_enchanted_forest, layout_cave_pods, uniq_nessos
Shoals:1: layout_shoals
Shoals:2: dreamdust_from_the_deep, layout_shoals, nicolae_island_escapes
Shoals:3: gammafunk_sealed_arena, layout_shoals
Shoals:4: shoals_end_hellmonk_lost_city
Snake:1:  layout_rooms, uniq_donald, uniq_frances
Snake:2:  layout_basic, nicolae_snake_dead_anacondas, uniq_nikola
Snake:3:  layout_rooms, serial_shops, nicolae_square_shop, abandoned_shop,
          uniq_aizul, uniq_vashnia
Snake:4:  snake_pit_salamanders_mu, layout_cave_town, basic_altar,
          minmay_shoptagon
Slime:1:  layout_caves, cheibrodos_slime_lost_civilization_4
Slime:2:  layout_caves
Slime:3:  cheibrodos_slime_lost_civilization_3, layout_caves
Slime:4:  layout_caves, nicolae_slime_barrier
Slime:5
Orc:1:    layout_diamond_mine, portal_ice_cave_demonic_guard, serial_shops, shop
Orc:2:    st_orc_open, layout_caves, serial_shops, nicolae_shop_hallway_stairs
Elf:1:    layout_loops_corners, minmay_elf_necromancy, uniq_azrael
Elf:2:    nicolae_elf_blades_splatter_lattice [nicolae_blade_tridents],
          layout_loops_cross, fake_guardian_serpent_vault
Elf:3:    minmay_elf_hall_hex, layout_geoelf_castle, serial_shops, shop,
          nicolae_shop_advertising_works [nicolae_subvault_shop_adworks], shop,
          nicolae_shop_temple_entry_statues_fountains, uniq_asterion
Vaults:1: vaults_dpeg_hooks, st_quartered_hall, v_alt_pattern_5,
          ontoclasm_vaults_fault, nicolae_vaults_network_barrier,
          ontoclasm_vaults_ligature, vaults_mumra_hex,
          nicolae_vaults_network_star, grunt_vaults_hallway_long,
          layout_vaults_big_room
Vaults:2: hangedman_vaults_corner, vaults_room_octagon, vaults_room_door_hall,
          nicolae_vaults_little_squares_6, nicolae_vaults_diagonal_hallway_7,
          vaults_dpeg_emergency_exit, layout_vaults_quadrants, serial_shops,
          nicolae_shop_behind_doors, uniq_jory
Vaults:3: v_misc_3, minmay_crypt_entry_simple_walls, v_misc_30,
          hangedman_vaults_snaps, v_misc_11, grunt_vaults_funnel,
          vaults_room_large_hall, hangedman_vaults_nails, v_misc_24,
          vaults_dpeg_diagonal, ontoclasm_vaults_decontamination,
          nicolae_vaults_little_ls, layout_vaults_maze
Vaults:4: nicolae_vaults_alarming, ontoclasm_vaults_twist,
          nicolae_vaults_holding_cells, v_misc_15, ontoclasm_vaults_ring_small,
          vaults_room_octagon, ontoclasm_vaults_ring_small, v_alt_pattern_2,
          grunt_vaults_hallway_long, vaults_room_pools, v_misc_12,
          vaults_room_corners, vaults_mumra_hexcomb, layout_vaults_ring
Vaults:5: serial_shops
Crypt:1:  layout_regular_city
Crypt:2:  lemuel_vampire_tower, layout_misc_corridors, mu_enter_wizlab_1,
          gammafunk_ghost_crypt
Crypt:3:  due_elkab, layout_chaotic_city, nicolae_tomb_entry_rubble_hallway,
          grunt_ministairs_15, corexii_leaking_fountain, uniq_mennas
Tomb:1
Tomb:2
Tomb:3
Depths:1: layout_gridlike, abyss_entry, lemuel_coloured_pillars_altar,
          grunt_hell_entry_demonic_statue, hangedman_research_convocations,
          minmay_shop_star
Depths:2: minmay_two_paths, layout_twisted_cross, serial_shops,
          nicolae_square_shop, grunt_hell_entry_dis_grunt,
          grunt_pan_entry_in_and_out, nicolae_twisting_strands,
          minmay_staircase_windowed_small, uniq_saint_roka
Depths:3: minmay_spriggan_fort, layout_honeycomb, hangedman_geh_valley,
          serial_sigils, serial_sigils_hangedman_quiver,
          serial_sigils_hangedman_carve, serial_sigils_hangedman_snap,
          serial_sigils_hangedman_snap, serial_sigils_hangedman_stare,
          serial_sigils_hangedman_quiver, abyss_entry_flame_altar
Depths:4: evilmike_zot_entry_castle, layout_long_grid, enter_ziggurat_d,
          abyss_entry, minmay_misc_feat_hallway, hell_entry,
          rand_demon_pan_entry_4, special_room [special_room_jelly],
          lemuel_angel_altar
Hell
Dis:1:    layout_gridville
Dis:2:    layout_regular_city
Dis:3:    layout_overlapping_boxes, nicolae_hells_leichenhalle
Dis:4:    layout_gridville
Dis:6:    layout_jigsaw
Dis:7:    dis_grunt_layers
Geh:1:    nicolae_geh_lava_swirls, layout_gehenna_lava_caves,
          lemuel_flamethrower_2
Geh:2:    layout_gehenna_pools_triple
Geh:3:    layout_gehenna_lava_caves
Geh:4:    layout_gehenna_pools_basic
Geh:5:    layout_gehenna_pools_basic
Geh:6:    nicolae_geh_i_lava_good_maze [nicolae_geh_lavamaze_diaghalf_recurse,
          nicolae_geh_lavamaze_diaghalf_recurse]
Geh:7:    geh_grunt_pentagon
Coc:1:    layout_cocytus_water_paths
Coc:2:    layout_ice_bergs
Coc:3:    layout_cocytus_water_paths
Coc:4:    layout_cocytus_delve
Coc:5:    layout_cocytus_water_paths
Coc:6:    nicolae_coc_three_mouths, layout_cocytus_delve
Coc:7:    coc_grunt
Tar:1:    layout_cathedral_of_symmetry
Tar:2:    layout_honeycomb, nicolae_tar_stay_or_leave
Tar:3:    layout_cathedral_of_symmetry
Tar:4:    layout_honeycomb, nicolae_tar_honey_chapel
Tar:5:    layout_honeycomb
Tar:6:    layout_honeycomb
Tar:7:    tar_minmay_river
Zot:1:    layout_gridlike, skrybe_zot_glass_2
Zot:2:    layout_cathedral_of_symmetry, lemuel_lich_library
Zot:3:    grunt_zot_stairs_faceoff, layout_twisted_circle
Zot:4:    layout_gridlike, st_stairs_6, hangedman_zot_decor_checkerboard
Zot:5:    layout_gridlike

Skill      XL: |  1  2  3  4  5  6  7  8  9 10 11 12 13 14 15 16 17 18 19 20 21 22 23 24 25 26 27 |
---------------+----------------------------------------------------------------------------------+-----
Fighting       | 1 2 3 4 5 7 9 11 12 13 14 15 16 17 18 19 20 21 22 23 27 | 27.0
Spellcasting   | 3 4 5 6 7 8 10 11 12 13 14 15 16 17 18 19 20 21 27 | 27.0
Shields        | 3 5 7 8 10 11 12 13 14 15 16 17 18 27 | 27.0
Dodging        | 4 6 8 9 11 12 13 14 15 16 17 18 19 27 | 27.0
Armour         | 5 7 8 27 | 27.0
Short Blades   | 8 |  8.0
Evocations     | 8 |  8.0
Maces & Flails | 18 | 18.6
Invocations    | 24 | 24.6
Stealth        | |  1.5

Action                   |  1- 3 |  4- 6 |  7- 9 | 10-12 | 13-15 | 16-18 | 19-21 | 22-24 | 25-27 || total
-------------------------+-------+-------+-------+-------+-------+-------+-------+-------+-------++-------
Melee: Short sword       |     3 |     1 |       |       |       |       |       |       |       ||     4
       Halberd           |       |     3 |       |       |       |       |       |       |       ||     3
       Punch             |       |     2 |       |     1 |       |       |       |       |       ||     3
       Staff             |       |    10 |     2 |    11 |     7 |     4 |    17 |    10 |       ||    61
       Mace              |       |     5 |       |       |       |       |       |       |       ||     5
       Quick blade       |       |       |       |       |       |       |       |     3 |    51 ||    54
 Cast: Foxfire           |    55 |   122 |   296 |   327 |   466 |     3 |       |       |     3 ||  1272
       Scorch            |     7 |    23 |    53 |   108 |   240 |    89 |    26 |     1 |     3 ||   550
       Poisonous Vapours |       |     5 |     7 |       |       |       |       |       |     1 ||    13
       Summon Small Mamm |       |     6 |     2 |     1 |       |       |       |       |     1 ||    10
       Swiftness         |       |       |     1 |     2 |       |       |       |       |       ||     3
       Conjure Flame     |       |       |     1 |       |       |       |       |       |     5 ||     6
       Call Canine Famil |       |       |     7 |    34 |    40 |     6 |     1 |    17 |    16 ||   121
       Flame Wave        |       |       |     1 |     4 |     1 |       |       |       |       ||     6
       Animate Dead      |       |       |       |    20 |    25 |    11 |     4 |    11 |    39 ||   110
       Lightning Bolt    |       |       |       |       |   124 |   280 |   555 |   196 |   423 ||  1578
       Starburst         |       |       |       |       |    26 |    87 |    97 |    20 |    14 ||   244
       Summon Hydra      |       |       |       |       |       |     5 |    27 |    44 |    71 ||   147
       Summon Cactus Gia |       |       |       |       |       |       |     7 |    20 |    24 ||    51
       Ignition          |       |       |       |       |       |       |       |   405 |  1353 ||  1758
       Maxwell's Capacit |       |       |       |       |       |       |       |       |     4 ||     4
       Chain Lightning   |       |       |       |       |       |       |       |       |  1147 ||  1147
       Fire Storm        |       |       |       |       |       |       |       |       |   908 ||   908
Invok: Greater Servant o |       |       |       |       |       |       |       |       |    11 ||    11
 Abil: Evoke Blink       |       |       |       |       |       |       |       |       |     2 ||     2
  Use: Scroll            |     5 |     3 |    11 |    10 |     8 |     4 |       |     1 |    42 ||    84
       Potion            |       |     1 |       |     2 |       |     1 |       |       |    26 ||    30
 Stab: Distracted        |       |       |       |       |       |       |     1 |       |       ||     1
Armor: Robe              |     7 |     4 |    15 |    76 |    24 |       |       |       |       ||   126
       Troll leather arm |       |       |       |       |     3 |    32 |    94 |    31 |   205 ||   365
Dodge: Dodged            |    28 |    27 |    24 |   111 |    81 |    83 |   112 |    58 |   380 ||   904
Block: Kite shield       |       |       |       |       |    78 |    88 |    41 |    36 |   269 ||   512
       Reflection        |       |       |       |       |       |     7 |    10 |    13 |     6 ||    36
       Tower shield      |       |       |       |       |       |       |   174 |    66 |   340 ||   580
